 Dungeon Crawl Stone Soup version 0.20-a0-494-gf50ee04 (webtiles) character file.

307 Duffy the Shield-Bearer (level 6, -5/84 HPs)
             Began as a Naga Fighter on Jan 17, 2017.
             Was an Initiate of Cheibriados (penitent).
             Slain by a two-headed ogre
             ... wielding a +0 giant club
              (23 damage)
             ... on level 4 of the Dungeon.
             The game lasted 00:04:45 (3908 turns).

Duffy the Shield-Bearer (Naga Fighter)              Turns: 3908, Time: 00:04:46

Health: -5/84      AC:  6    Str: 25    XL:     6   Next: 40%
Magic:  6/6        EV:  4    Int:  9    God:    Cheibriados [*]
Gold:   165        SH: 12    Dex: 10    Spells: 5/5 levels left

rFire    . . .     SeeInvis +   a - +0 war axe
rCold    . . .     Gourm    +   x - +0 chain mail
rNeg     . . .     Faith    .   w - +2 shield
rPois    +         Spirit   .   (no helmet)
rElec    .         Reflect  .   (no cloak)
rCorr    +         Harm     .   (no gloves)
MR       +....                  (no barding)
Stlth    ..........             u - amulet of the gourmand
Regen    0.3/turn               q - ring of resist corrosion
                                k - ring of protection from magic

@: berserking (expiring), very slow
A: see invisible, deformed body, poison resistance, slowness 2, slow metabolism
1, spit poison 1, AC +2
a: Spit Poison, Renounce Religion


You were on level 4 of the Dungeon.
You worshipped Cheibriados.
Cheibriados was demanding penance.
You were very full.

You visited 2 branches of the dungeon, and saw 5 of its levels.

You collected 165 gold pieces.

Inventory:

Hand Weapons
 a - a +0 war axe (weapon)
Armour
 w - a +2 shield (worn)
 x - a +0 chain mail (worn)
Jewellery
 k - a ring of protection from magic (left hand)
 q - a ring of resist corrosion (right hand)
 s - an uncursed ring of flight
 u - an amulet of the gourmand (around neck)
Scrolls
 e - a scroll of fog
 j - 2 scrolls of remove curse
 n - a scroll of enchant armour {unknown}
 r - a scroll of magic mapping
 t - a scroll of teleportation
 v - a scroll of recharging {unknown}
 y - a scroll of amnesia {unknown}
 z - a scroll of blinking {unknown}
Potions
 b - a potion of cure mutation
 d - a potion of might
 h - a potion of agility
 o - a potion of flight
 p - a potion of resistance {unknown}
Comestibles
 f - 2 bread rations
 g - a slice of pizza
 l - 2 meat rations
 m - 3 beef jerkies


   Skills:
 - Level 3.0 Fighting
 + Level 4.5 Axes
 - Level 2.4 Armour
 + Level 4.6 Shields


You had 5 spell levels left.
You didn't know any spells.

Dungeon Overview and Level Annotations

Branches:
Dungeon (4/15)             Temple (1/1) D:4

Altars:
Ashenzari
Cheibriados
Dithmenos
Elyvilon
Fedhas
Gozag
Hepliaklqana
Kikubaaqudgha
Makhleb
Nemelex Xobeh
Okawaru
Qazlal
Ru
Sif Muna
Trog
Uskayaw
Vehumet
Xom
Yredelemnul
Zin
The Shining One


Innate Abilities, Weirdness & Mutations

You cannot wear boots.
Your serpentine skin is tough. (AC +2)
You have supernaturally acute eyesight. (SInv)
Armour fits poorly on your strangely shaped body.
Your system is resistant to poisons. (rPois)
You cover ground very slowly.
You have a slow metabolism.
You can spit poison.


Message History

The two-headed ogre hits you with a giant club!
The two-headed ogre hits you with a giant club!!
You slash the two-headed ogre!
The two-headed ogre is severely wounded.
You block the two-headed ogre's attack.
The two-headed ogre hits you with a giant club.
You are too injured to fight recklessly!
You are too injured to fight recklessly!
You are too injured to fight recklessly!
You completely miss the two-headed ogre.
The two-headed ogre is severely wounded.
The two-headed ogre hits you with a giant club!!
You block the two-headed ogre's attack.
Your chain mail prevents you from hitting the two-headed ogre.
The two-headed ogre is severely wounded.
You block the two-headed ogre's attack. x2
You barely miss the two-headed ogre.
The two-headed ogre is heavily wounded.
The two-headed ogre hits you with a giant club!!
You die...

### #.# ..# ####.# #.#
#....# #.# ###....##
###.####.......#
#..............#
#.#.####.......####
#.###.#.# ###.........
#....O@.# #.....####
#####.### ####.## #. .
#.# #. .#. #.# ## ...
#+## #.# ##...## ##.#
##.....## ##..#
##.......##
#####...####.........#


You could see a two-headed ogre.

Vanquished Creatures
  Sigmund (D:3)
  An orc wizard (D:2)
  An ooze (D:3)
  A worm (D:2)
  4 dart slugs
  5 leopard geckos
  4 orcs
  2 ball pythons (D:3)
  5 giant cockroaches
  9 goblins
  9 hobgoblins
  4 jackals
  13 kobolds
  2 quokkas (D:2)
  14 bats
  6 frilled lizards
  13 rats
94 creatures vanquished.

Notes
Turn   | Place    | Note
-------+----------+-------------------------------------------
     0 | D:1      | Duffy the Naga Fighter began the quest for the Orb.
     0 | D:1      | Reached XP level 1. HP: 21/21 MP: 1/1
   219 | D:1      | Reached XP level 2. HP: 28/28 MP: 2/2
   504 | D:1      | Reached XP level 3. HP: 33/34 MP: 3/3
  1399 | D:2      | Reached XP level 4. HP: 42/42 MP: 4/4
  1517 | D:2      | Found a deep blue altar of Sif Muna.
  2400 | D:2      | Reached XP level 5. HP: 39/49 MP: 5/5
  2787 | D:3      | Noticed Sigmund
  2800 | D:3      | Killed Sigmund
  2800 | D:3      | Reached XP level 6. HP: 30/56 MP: 6/6
  3483 | D:4      | Found a staircase to the Ecumenical Temple.
  3492 | Temple   | Entered the Ecumenical Temple
  3772 | Temple   | Became a worshipper of Cheibriados the Contemplative
  3899 | D:4      | Noticed a two-headed ogre
  3901 | D:4      | Was placed under penance by Cheibriados
  3908 | D:4      | Slain by a two-headed ogre

Vault maps used:
D:1:      saegor_arrival_simple_b
D:2:      lemuel_blue_sif_altar
D:3:      first_bread, uniq_sigmund
Temple:   regret_index_temple_sigil_plot

Skill      XL: |  1  2  3  4  5 |
---------------+----------------+-----
Shields        | 3 4 |  4.6
Axes           | 3 4 |  4.5
Fighting       | |  3.0
Armour         | |  2.4

Action                   |  1- 3 |  4- 6 || total
-------------------------+-------+-------++-------
Melee: War axe           |   128 |   160 ||   288
 Abil: Spit Poison       |    12 |     7 ||    19
  Use: Scroll            |     4 |     5 ||     9
       Potion            |       |     1 ||     1
  Eat: Chunk             |     2 |    16 ||    18
Armor: Scale mail        |    58 |    45 ||   103
       Chain mail        |       |    44 ||    44
Dodge: Dodged            |    28 |    33 ||    61
Block: Shield            |    71 |    91 ||   162
